 Dungeon Crawl Stone Soup version 0.22.1-2-g9c5b331 (webtiles) character file.

5530 tognito the Severer (level 10, -1/115 HPs)
             Began as a Minotaur Berserker on Dec 26, 2018.
             Was a High Priest of Trog.
             Slain by a troll (9 damage)
             ... on level 10 of the Dungeon on Dec 27, 2018.
             The game lasted 00:23:56 (8933 turns).

tognito the Severer (Minotaur Berserker)            Turns: 8933, Time: 00:23:57

Health: -1/115     AC: 13    Str: 31    XL:     10   Next: 43%
Magic:  0/9        EV:  8    Int:  4    God:    Trog [*****.]
Gold:   511        SH:  0    Dex: 11    Spells: 9/9 levels left

rFire    . . .     SeeInvis .   a - +0 broad axe
rCold    . . .     Gourm    .   (no shield)
rNeg     . . .     Faith    .   I - +0 plate armour
rPois    .         Spirit   +   (helmet restricted)
rElec    .         Reflect  .   (no cloak)
rCorr    .         Harm     .   (no gloves)
MR       .....                  (no boots)
Stlth    ..........             k - amulet of guardian spirit
HPRegen  0.29/turn              A - +2 ring of protection
MPRegen  0.11/turn              C - +2 ring of strength

@: berserking, very quick
A: retaliatory headbutt, horns 2
a: Berserk, Trog's Hand, Brothers in Arms, Renounce Religion


You were on level 10 of the Dungeon.
You worshipped Trog.
Trog was extremely pleased with you.
You were near starving.

You visited 1 branch of the dungeon, and saw 10 of its levels.

You collected 511 gold pieces.

Inventory:

Hand Weapons
 a - a +0 broad axe (weapon)
 b - a +0 longbow
Missiles
 f - 134 arrows
 m - 48 bolts
Armour
 I - a +0 plate armour (worn)
Jewellery
 d - an uncursed ring of see invisible
 k - an amulet of guardian spirit (around neck)
 o - an uncursed ring of flight
 A - a +2 ring of protection (left hand)
 C - a +2 ring of strength (right hand)
Wands
 s - a wand of random effects (83)
 v - a wand of disintegration (18)
 H - a wand of acid (6)
Scrolls
 e - a scroll of magic mapping {unknown}
 g - a scroll of random uselessness {unknown}
 h - 2 scrolls of immolation {unknown}
 i - a scroll of enchant weapon {unknown}
 l - 2 scrolls of remove curse
 n - 3 scrolls of fear
 x - 2 scrolls of fog {unknown}
 y - 4 scrolls of identify
 z - a scroll of noise {unknown}
 B - a scroll of teleportation {unknown}
 D - a scroll of holy word {unknown}
 E - 2 scrolls of amnesia {unknown}
Potions
 j - a potion of haste
 q - 2 potions of might
 u - a potion of invisibility
 w - 2 potions of flight
 G - 2 potions of curing
Comestibles
 c - 22 rations


   Skills:
 - Level 3.6 Fighting
 + Level 17.5 Axes
 - Level 2.4 Armour
 - Level 2.1 Dodging


You had 9 spell levels left.
You didn't know any spells.
Your spell library was empty.

Dungeon Overview and Level Annotations

Branches:
Dungeon (10/15)            Temple (0/1) D:6
   Lair: D:8-11         Orc: D:9-12

Altars:
Dithmenos
Gozag
Hepliaklqana
Kikubaaqudgha
Nemelex Xobeh
Trog
Uskayaw
Zin
The Shining One
Jiyva

Shops:
D:6 ?

Annotations:
D:7 Menkaure


Innate Abilities, Weirdness & Mutations

You reflexively headbutt those who attack you in melee.
You have a pair of horns on your head.


Message History

You barely miss the troll.
The troll is almost dead.
You hit something but do no damage.
Something hits you but does no damage. x2
The troll bites you.
* * * LOW HITPOINT WARNING * * *
The troll barely misses you. The troll claws you but does no damage.
You hit the troll but do no damage. You headbutt the troll.
The troll is almost dead.
You hit something. Something hits you but does no damage. The troll bites you.
* * * LOW HITPOINT WARNING * * *
The troll claws you but does no damage. The troll barely misses you.
Your plate armour prevents you from hitting something.
You hit the troll. Something hits you.
* * * LOW HITPOINT WARNING * * *
Something hits you but does no damage.
A red film seems to cover your vision as you go berserk!
You feel yourself moving faster!
You feel mighty!
You are near starving!
Something hits you but does no damage. The troll bites you!
You die...

#.###### #
##.##.##...##.#
#.............#
#...##.#...####
#...######..##
#..###._.###..##
#..#
#.....###..# #.#
.......{##.# #.
......T@##.#
#...####.#.# #
##..# .........#
##########


You could see a troll.

Vanquished Creatures
  A two-headed ogre (D:8)
  A centaur warrior (D:9)
  An unseen horror (D:10)
  Pikel (D:5)
  Psyche (D:9)
  An efreet (D:10)
  Sigmund (D:2)
  A spriggan (D:7)
  A black bear (D:8)
  3 phantoms
  An orc warrior (D:8)
  An eye of draining (D:9)
  2 ice beasts
  A big kobold (D:8)
  3 bullfrogs
  3 scorpions
  5 crimson imps
  2 quasits
  A bullfrog zombie (D:7)
  A centaur zombie (D:10)
  4 orc priests
  A jelly (D:5)
  4 hounds
  5 orc wizards
  A bullfrog skeleton (D:9)
  A centaur skeleton (D:6)
  2 iguanas (D:7)
  4 worker ants
  3 hound skeletons
  4 gnolls (D:6)
  A howler monkey skeleton (D:5)
  22 adders
  2 shadow imps
  An adder zombie (D:6)
  An adder skeleton (D:6)
  6 worms
  A dart slug (D:3)
  4 leopard geckos
  19 orcs
  2 ball pythons
  8 bats
  8 giant cockroaches
  10 goblins
  5 hobgoblins
  4 jackals (D:1)
  3 quokkas
  7 frilled lizards
  15 kobolds
  A leopard gecko skeleton (D:7)
  8 rats
189 creatures vanquished.

Vanquished Creatures (others)
  A slave (D:5)
  A centaur (D:5)
  A scorpion (D:5)
  An adder skeleton (D:5)
  A giant cockroach (D:5)
  A leopard gecko zombie (D:5)
6 creatures vanquished.

Grand Total: 195 creatures vanquished

Notes
Turn   | Place    | Note
-------+----------+-------------------------------------------
     0 | D:1      | tognito the Minotaur Berserker began the quest for the Orb.
     0 | D:1      | Reached XP level 1. HP: 19/19 MP: 0/0
    17 | D:1      | Reached skill level 4 in Axes
    26 | D:1      | Reached XP level 2. HP: 9/26 MP: 1/1
   257 | D:1      | Found a viscous altar of Jiyva.
   592 | D:1      | Reached skill level 5 in Axes
   997 | D:2      | Reached XP level 3. HP: 31/31 MP: 2/2
  1043 | D:2      | Reached ** piety under Trog
  1099 | D:2      | Reached skill level 6 in Axes
  1099 | D:2      | Reached XP level 4. HP: 39/39 MP: 3/3
  1544 | D:2      | Noticed Sigmund
  1560 | D:2      | Killed Sigmund
  1560 | D:2      | Reached skill level 8 in Axes
  1560 | D:2      | Reached XP level 5. HP: 23/45 MP: 4/4
  1560 | D:2      | Reached XP level 6. HP: 26/51 MP: 5/5
  2353 | D:3      | Reached *** piety under Trog
  2431 | D:3      | Reached skill level 9 in Axes
  2865 | D:4      | Reached XP level 7. HP: 52/57 MP: 6/6
  3119 | D:4      | Reached skill level 10 in Axes
  3437 | D:5      | Entered Level 5 of the Dungeon
  3468 | D:5      | Noticed Pikel
  3479 | D:5      | Killed Pikel
  3479 | D:5      | Reached skill level 11 in Axes
  3479 | D:5      | Reached XP level 8. HP: 45/64 MP: 5/7
  4159 | D:5      | Reached skill level 12 in Axes
  4487 | D:6      | Reached **** piety under Trog
  4534 | D:6      | Reached skill level 13 in Axes
  5089 | D:6      | Found Udou's Magic Scroll Shop.
  5227 | D:6      | Found a staircase to the Ecumenical Temple.
  5501 | D:7      | Noticed Menkaure
  5763 | D:7      | Found an ancient bone altar of Kikubaaqudgha.
  5933 | D:7      | Reached XP level 9. HP: 49/70 MP: 4/8
  6132 | D:7      | Reached skill level 14 in Axes
  6136 | D:7      | Found a shadowy altar of Dithmenos.
  6411 | D:7      | Found a hazy altar of Hepliaklqana.
  7112 | D:8      | Noticed a two-headed ogre
  7120 | D:8      | Killed a two-headed ogre
  7120 | D:8      | Reached ***** piety under Trog
  7120 | D:8      | Reached skill level 15 in Axes
  7653 | D:8      | Found an opulent altar of Gozag.
  8101 | D:9      | Found a glowing silver altar of Zin.
  8102 | D:9      | Found a hide-covered altar of Uskayaw.
  8102 | D:9      | Found a glowing golden altar of the Shining One.
  8105 | D:9      | Found a bloodstained altar of Trog.
  8105 | D:9      | Found a sparkling altar of Nemelex Xobeh.
  8253 | D:9      | Reached skill level 16 in Axes
  8328 | D:9      | Noticed Psyche
  8342 | D:9      | Killed Psyche
  8342 | D:9      | Reached XP level 10. HP: 77/77 MP: 9/9
  8477 | D:9      | Noticed a centaur warrior
  8487 | D:9      | Killed a centaur warrior
  8855 | D:10     | Entered Level 10 of the Dungeon
  8865 | D:10     | Reached skill level 17 in Axes
  8908 | D:10     | Found a shadowy altar of Dithmenos.
  8918 | D:10     | Killed an unseen horror
  8933 | D:10     | Slain by a troll

Skill      XL: |  1  2  3  4  5  6  7  8  9 10 |
---------------+-------------------------------+-----
Axes           | 4 5 6 8 9 11 13 16 17 | 17.5
Fighting       | |  3.6
Armour         | |  2.4
Dodging        | |  2.1

Action                   |  1- 3 |  4- 6 |  7- 9 | 10-12 || total
-------------------------+-------+-------+-------+-------++-------
Melee: Hand axe          |    52 |   183 |   300 |       ||   535
       Headbutt          |    10 |    28 |    63 |     9 ||   110
       Broad axe         |       |       |    26 |    43 ||    69
 Fire: Shortbow          |       |       |    38 |     1 ||    39
       Longbow           |       |       |       |     3 ||     3
Invok: Berserk           |       |     1 |     2 |     1 ||     4
  Use: Potion            |     1 |     2 |    10 |       ||    13
       Scroll            |       |       |     4 |     3 ||     7
 Stab: Invisible         |     2 |       |       |       ||     2
  Eat: Chunk             |     1 |     6 |    16 |     1 ||    24
       Ration            |       |       |     1 |       ||     1
Armor: Animal skin       |     9 |       |       |       ||     9
       Chain mail        |    20 |    78 |   130 |       ||   228
       Plate armour      |       |       |    22 |    30 ||    52
Dodge: Dodged            |    32 |    66 |   116 |     6 ||   220
